 Dungeon Crawl Stone Soup version 0.22-a0-407-gb098539 (webtiles) character file.

11496 Gracefully the Severer (level 11, 0/82 HPs)
             Began as a Minotaur Fighter on May 9, 2018.
             Was a Believer of Makhleb.
             Slain by a seven-headed hydra (6 damage)
             ... on level 8 of the Dungeon.
             The game lasted 00:19:37 (10628 turns).

Gracefully the Severer (Minotaur Fighter)          Turns: 10628, Time: 00:19:38

Health: 0/82       AC: 14    Str: 24    XL:     11   Next: 50%
Magic:  10/10      EV:  9    Int:  5    God:    Makhleb [**....]
Gold:   533        SH:  0    Dex: 10    Spells: 10/10 levels left

rFire    . . .     SeeInvis .   d - +0 executioner's axe
rCold    . . .     Gourm    +   (shield currently unavailable)
rNeg     . . .     Faith    .   b - +0 scale mail
rPois    .         Spirit   .   (helmet restricted)
rElec    .         Reflect  .   w - +1 cloak
rCorr    .         Harm     .   n - +3 pair of gauntlets of War {Slay+5}
MR       +....                  i - +0 pair of boots
Stlth    ..........             y - amulet of the gourmand
HPRegen  0.23/turn              k - ring of protection from magic
MPRegen  0.12/turn              p - ring of wizardry

@: no status effects
A: retaliatory headbutt, horns 2
a: Minor Destruction, Renounce Religion


You were on level 8 of the Dungeon.
You worshipped Makhleb.
Makhleb was pleased with you.
You were very full.

You visited 3 branches of the dungeon, and saw 10 of its levels.

You collected 533 gold pieces.

Inventory:

Hand Weapons
 a - a +0 war axe
 d - a +0 executioner's axe (weapon)
Missiles
 r - 160 stones (quivered)
Armour
 b - a +0 scale mail (worn)
 c - a +0 shield
 i - a +0 pair of boots (worn)
 n - the +3 pair of gauntlets of War (worn) {Slay+5}
   (You found it on level 5 of the Dungeon)

   It affects your accuracy and damage with ranged weapons and melee attacks
   (+5).
 w - a +1 cloak (worn)
Jewellery
 k - a ring of protection from magic (left hand)
 m - an uncursed ring of ice
 p - a ring of wizardry (right hand)
 x - an uncursed ring of protection from magic
 y - an amulet of the gourmand (around neck)
 B - an uncursed ring of wizardry
 I - an uncursed ring of magical power {unknown}
Wands
 j - a wand of paralysis (10)
 D - a wand of flame (59)
 J - a wand of disintegration (11)
Scrolls
 e - 2 scrolls of identify
 g - 3 scrolls of enchant armour
 l - a scroll of fear {unknown}
 v - a scroll of magic mapping {unknown}
 E - a scroll of vulnerability {unknown}
Potions
 h - 2 potions of flight
 o - a potion of brilliance
 q - 4 potions of curing
 s - 2 potions of haste
 t - 5 potions of degeneration
 u - a potion of agility
 z - a potion of magic
 A - 2 potions of mutation
 F - a potion of might
 G - a potion of heal wounds {unknown}
Comestibles
 f - 20 rations


   Skills:
 - Level 3.6 Fighting
 + Level 19.8 Axes
 - Level 3.6 Armour
 - Level 3.6 Shields


You had 10 spell levels left.
You didn't know any spells.

Dungeon Overview and Level Annotations

Branches:
Dungeon (8/15)             Temple (1/1) D:5            Lair (1/6) D:8

Altars:
Ashenzari
Dithmenos
Elyvilon
Fedhas
Hepliaklqana
Makhleb
Nemelex Xobeh
Okawaru
Trog
Wu Jian
Xom
Yredelemnul
Zin
The Shining One

Shops:
D:6 (   D:8 }

Annotations:
Lair:1 exclusion: oklob plant


Innate Abilities, Weirdness & Mutations

You reflexively headbutt those who attack you in melee.
You have a pair of horns on your head.


Message History

* * * LOW HITPOINT WARNING * * *
The seven-headed hydra misses you.
You feel better.
The seven-headed hydra bites you but does no damage.
The seven-headed hydra barely misses you.
The seven-headed hydra bites you.
* * * LOW HITPOINT WARNING * * *
The seven-headed hydra barely misses you.
The seven-headed hydra bites you but does no damage. x3
It was a potion of cancellation.
You feel strangely stable.
You feel magically purged.
The seven-headed hydra closely misses you.
The seven-headed hydra bites you but does no damage.
The seven-headed hydra bites you.
* * * LOW HITPOINT WARNING * * *
The seven-headed hydra bites you but does no damage.
The seven-headed hydra completely misses you.
The seven-headed hydra bites you.
You die...

######......#.....#
...<...........##.#
...........#...##.#
...........#...##.#
...........#...##.#
...........##...#.###
..........##.>......#
..........##.####D#.#
..........##.#..@.#.#
.............#.####.#
..........####......#
#.............####..####
#.............#........#
#.............'.######.#
#............†#.# #.#
#.............#.# #.#
#.............### #.#


You could see a seven-headed hydra.

Vanquished Creatures
  Gastronok (Lair:1)
  Harold (Lair:1)
  A two-headed ogre (D:8)
  Pikel (D:6)
  2 spiny frogs (Lair:1)
  2 komodo dragons (Lair:1)
  4 blink frogs (Lair:1)
  3 hippogriffs
  13 yaks (D:8)
  2 basilisks (Lair:1)
  The ghost of RandomusNamus the Magician, an amateur DsWn (D:3)
  Edmund (D:5)
  Menkaure (D:7)
  2 ice beasts (D:6)
  2 orc warriors (D:6)
  2 phantoms
  3 centaurs
  7 ogres
  A crocodile (Lair:1)
  2 big kobolds
  A gnoll sergeant (D:5)
  4 bullfrogs
  7 scorpions
  6 killer bees (D:8)
  A howler monkey (D:8)
  A crimson imp (D:5)
  A centaur zombie (D:7)
  3 hounds
  2 orc priests
  Crazy Yiuf (D:2)
  Terence (D:2)
  4 orc wizards
  6 worker ants
  A hound skeleton (D:6)
  A howler monkey zombie (D:5)
  10 gnolls
  9 adders
  A shadow imp (D:5)
  An ooze (D:4)
  An adder skeleton (D:4)
  A worm (D:4)
  A dart slug (D:1)
  5 leopard geckos
  18 orcs
  7 giant cockroaches
  5 goblins
  8 hobgoblins
  12 jackals
  9 kobolds
  A quokka (D:6)
  2 ball pythons
  15 bats
  4 frilled lizards
  A leopard gecko skeleton (D:6)
  A quokka skeleton (D:4)
  2 rats
  A fungus (D:4)
207 creatures vanquished.

Vanquished Creatures (others)
  2 fungi (Lair:1)
  5 plants (Lair:1)
7 creatures vanquished.

Grand Total: 214 creatures vanquished

Notes
Turn   | Place    | Note
-------+----------+-------------------------------------------
     0 | D:1      | Gracefully the Minotaur Fighter began the quest for the Orb.
     0 | D:1      | Reached XP level 1. HP: 19/19 MP: 0/0
   317 | D:1      | Reached skill level 3 in Axes
   404 | D:1      | Reached XP level 2. HP: 18/26 MP: 1/1
   778 | D:1      | Reached skill level 4 in Axes
   861 | D:2      | Reached XP level 3. HP: 22/31 MP: 2/2
  1185 | D:2      | Found a shattered altar of Ashenzari.
  1278 | D:2      | Noticed Terence
  1284 | D:2      | Killed Terence
  1284 | D:2      | Reached skill level 5 in Axes
  1284 | D:2      | Reached XP level 4. HP: 34/39 MP: 3/3
  1511 | D:2      | Found a shimmering altar of Xom.
  1603 | D:2      | Found a runed door.
  1757 | D:2      | Noticed Crazy Yiuf
  1761 | D:2      | Killed Crazy Yiuf
  1761 | D:2      | Reached skill level 6 in Axes
  1888 | D:3      | Reached XP level 5. HP: 39/45 MP: 4/4
  1978 | D:3      | Noticed RandomusNamus's ghost (amateur DsWn)
  2066 | D:3      | Killed RandomusNamus's ghost
  2066 | D:3      | Reached skill level 7 in Axes
  2066 | D:3      | Reached XP level 6. HP: 12/51 MP: 5/5
  2425 | D:3      | Reached skill level 8 in Axes
  3742 | D:4      | Reached skill level 9 in Axes
  3756 | D:4      | Reached XP level 7. HP: 24/57 MP: 6/6
  4096 | D:4      | Reached skill level 10 in Axes
  4185 | D:5      | Entered Level 5 of the Dungeon
  4397 | D:5      | Found a staircase to the Ecumenical Temple.
  4414 | Temple   | Entered the Ecumenical Temple
  4483 | Temple   | Became a worshipper of Makhleb the Destroyer
  4577 | D:5      | Found a shattered altar of Ashenzari.
  4633 | D:5      | Reached skill level 11 in Axes
  4641 | D:5      | Reached XP level 8. HP: 39/64 MP: 7/7
  4898 | D:5      | Noticed Edmund
  4904 | D:5      | Killed Edmund
  5135 | D:5      | Found the +3 pair of gauntlets of War {Slay+5}
  5274 | D:6      | Reached skill level 12 in Axes
  5539 | D:6      | Reached skill level 13 in Axes
  5739 | D:6      | Noticed Pikel
  5744 | D:6      | Killed Pikel
  5744 | D:6      | Reached XP level 9. HP: 70/70 MP: 8/8
  5833 | D:6      | Reached skill level 14 in Axes
  5835 | D:6      | Reached * piety under Makhleb
  6212 | D:6      | Found Hebum's Weapon Shop.
  6713 | D:7      | Reached skill level 15 in Axes
  6950 | D:7      | Noticed Menkaure
  6953 | D:7      | Killed Menkaure
  6982 | D:7      | Found a blossoming altar of Fedhas.
  7352 | D:7      | You fall through a shaft!
  7457 | D:8      | Reached ** piety under Makhleb
  7464 | D:8      | Reached skill level 16 in Axes
  7710 | D:8      | Reached XP level 10. HP: 77/77 MP: 9/9
  7753 | D:8      | Found a staircase to the Lair.
  7770 | D:8      | Found Erosapto's Gadget Emporium.
  8331 | D:8      | Noticed a two-headed ogre
  8341 | D:8      | Killed a two-headed ogre
  8497 | D:8      | Reached skill level 17 in Axes
  9498 | D:8      | Reached skill level 18 in Axes
  9623 | Lair:1   | Entered Level 1 of the Lair of Beasts
  9623 | Lair:1   | Noticed Gastronok
  9631 | Lair:1   | Killed Gastronok
  9631 | Lair:1   | Reached XP level 11. HP: 48/82 MP: 10/10
  9978 | Lair:1   | Reached skill level 19 in Axes
 10104 | Lair:1   | Noticed an oklob plant
 10181 | Lair:1   | Noticed Harold
 10201 | Lair:1   | Killed Harold
 10567 | Lair:1   | Noticed a seven-headed hydra
 10628 | D:8      | Slain by a seven-headed hydra

Vault maps used:
D:1:      dpeg_arrival_lava_altar
D:2:      ashenzari_altar_1, nicolae_overflow_hidden_temple, uniq_terence,
          uniq_crazy_yiuf_cottage
D:4:      old_forge, first_ration
D:5:      kennysheep_spiral_hall, minmay_temple_entry_steel_oval, basic_altar,
          kennysheep_generic_room_12, uniq_edmund
D:6:      serial_shops, kennysheep_little_box, uniq_pikel
D:7:      fedhas_bush_and_centaur_altar, uniq_menkaure
D:8:      argonaut_augean_stables, serial_shops, shop, blue_anna_alchemist
Temple:   hc_temple_tempest_star
Lair:1:   minmay_lair_oklob_chamber, uniq_gastronok, uniq_harold

Skill      XL: |  1  2  3  4  5  6  7  8  9 10 11 |
---------------+----------------------------------+-----
Axes           | 3 4 5 6 7 9 11 13 16 18 19 | 19.8
Fighting       | |  3.6
Armour         | |  3.6
Shields        | |  3.6

Action                   |  1- 3 |  4- 6 |  7- 9 | 10-12 || total
-------------------------+-------+-------+-------+-------++-------
Melee: War axe           |    62 |   119 |    36 |       ||   217
       Headbutt          |     5 |    18 |    36 |    27 ||    86
       Executioner's axe |       |       |   179 |   111 ||   290
Throw: Stone             |       |     6 |    24 |    56 ||    86
Invok: Minor Destruction |       |       |       |     3 ||     3
  Use: Potion            |     1 |     2 |     1 |     4 ||     8
       Scroll            |       |       |    18 |     4 ||    22
  Eat: Ration            |     1 |       |     2 |       ||     3
       Chunk             |       |     5 |    20 |     7 ||    32
Armor: Scale mail        |    21 |    66 |   146 |    66 ||   299
Dodge: Dodged            |    32 |    51 |   129 |    61 ||   273

Table legend:
 A = Spawn XP
 B = Non-spawn XP
 C = Spawn XP percentage of total XP
 D = Spawn monster count
 E = Non-spawn monster count
 F = Spawn count percentage of total count
 G = Total turns spent on level
                    A         B        C        D         E        F      G
               +---------+---------+-------+---------+---------+-------+---------
         Total |       0 |   16423 |   0.0 |       0 |     206 |   0.0 | 10628
               +---------+---------+-------+---------+---------+-------+---------
           D:1 |       0 |      29 |   0.0 |       0 |      15 |   0.0 |  1140
           D:2 |       0 |     142 |   0.0 |       0 |      15 |   0.0 |   661
           D:3 |       0 |     312 |   0.0 |       0 |      18 |   0.0 |  1359
           D:4 |       0 |     558 |   0.0 |       0 |      34 |   0.0 |  1025
           D:5 |       0 |     677 |   0.0 |       0 |      19 |   0.0 |   966
           D:6 |       0 |    2072 |   0.0 |       0 |      29 |   0.0 |  1291
           D:7 |       0 |    1155 |   0.0 |       0 |      27 |   0.0 |   813
           D:8 |       0 |    4984 |   0.0 |       0 |      35 |   0.0 |  2456
        Lair:1 |       0 |    6494 |   0.0 |       0 |      14 |   0.0 |   820
               +---------+---------+-------+---------+---------+-------+---------
